Anaheim Ducks vs Nashville Predators
(R1)
Created - Tuesday, February 10, 2026 at 07:34
Goals
|
| Anaheim Ducks |
1 |
3 |
1 |
5 |
| Nashville Predators |
0 |
3 |
0 |
3 |
|
Shots
|
| Anaheim Ducks |
8 |
6 |
15 |
29 |
| Nashville Predators |
17 |
16 |
11 |
44 |
|
1st period
1. Anaheim Ducks , John Tavares 13 (Morgan Rielly 11) at 7:52 (PP)
Penalties :
Kris Letang (NSH) for Tripping (Minor) at 6:52, Ivan Provorov (ANH) for Tripping (Minor) at 13:50
2nd period
2. Nashville Predators , Jordan Spence 1 (Alexey Toropchenko 4, Yegor Sharangovich 4) at 3:46
3. Nashville Predators , Matthew Tkachuk 11 (Dmitri Voronkov 9, Kris Letang 7) at 5:46
4. Anaheim Ducks , Mason Marchment 5 (Mark Scheifele 13, Joshua Morrissey 7) at 8:13 (PP)
5. Anaheim Ducks , Joshua Morrissey 5 (Morgan Rielly 12) at 10:44 (PP)
6. Nashville Predators , Marco Kasper 7 (Brandon Montour 7, Dmitri Voronkov 10) at 14:11 (PP)
7. Anaheim Ducks , Luke Evangelista 4 (Ivan Provorov 3, Will Cuylle 4) at 19:49
Penalties :
Brayden Schenn (ANH) for High sticking (Minor) at 1:06, Rasmus Ristolainen (NSH) for Slashing (Minor) at 7:58, Simon Benoit (NSH) for Cross-checking (Minor) at 9:32, Alex Killorn (ANH) for Roughing (Minor) at 12:57, Ivan Provorov (ANH) for Tripping (Minor) at 16:38
3rd period
8. Anaheim Ducks , Chandler Stephenson 7 (J.T. Compher 7, Esa Lindell 4) at 19:40 (Empty Net)
Penalties :
Nazem Kadri (ANH) for Hooking (Minor) at 3:04, Brayden Schenn (ANH) for Hooking (Minor) at 19:49
Goalie Stats
Linus Ullmark (ANH), 41 saves from 44 shots - (0.932), W, 10-4-1, 60:00 minutes
Anthony Stolarz (NSH), 24 saves from 28 shots - (0.857), L, 10-3-3, 59:11 minutes
Players Stats for Anaheim Ducks
Player Name G A P +/- PIM S H SB GA TA FO MP PP MP PK MP
------------------------------------------------------------------------------------
Alex Killorn 0 0 0 1 2 1 0 0 0 1 0/0 11:22 0:00 1:43
Brayden Schenn 0 0 0 0 4 3 3 0 0 0 0/0 13:42 1:03 3:27
Brenden Dillon 0 0 0 -2 0 2 1 1 0 0 0/0 19:16 0:00 3:43
Chandler Stephenson 1 0 1 1 0 3 3 0 0 1 3/7 19:21 0:00 4:06
Esa Lindell 0 1 1 2 0 1 0 0 0 0 0/0 23:14 0:00 5:40
Ivan Provorov 0 1 1 1 4 1 1 2 0 1 0/0 18:52 0:19 3:46
J.T. Compher 0 1 1 1 0 0 1 1 0 1 1/6 14:59 0:00 5:18
John Tavares 1 0 1 -1 0 4 0 0 1 1 10/25 17:24 1:24 1:09
Joshua Morrissey 1 1 2 0 0 1 1 1 0 0 0/0 18:47 2:08 1:51
Luke Evangelista 1 0 1 0 0 2 0 0 0 0 0/0 9:04 0:00 0:00
Mark Scheifele 0 1 1 0 0 1 1 0 1 0 10/21 16:22 1:03 0:31
Mason Marchment 1 0 1 0 0 1 5 0 0 0 0/0 15:36 1:03 0:00
Morgan Rielly 0 2 2 1 0 0 0 1 0 0 0/0 19:46 2:08 0:00
Nazem Kadri 0 0 0 -1 2 3 4 0 1 0 0/3 18:29 1:24 2:26
Parker Kelly 0 0 0 0 0 0 0 0 0 0 2/4 9:04 0:00 0:00
Philip Broberg 0 0 0 -2 0 0 0 1 0 0 0/0 20:12 0:19 3:40
Will Cuylle 0 1 1 0 0 2 2 0 1 0 0/0 9:04 0:00 0:00
William Nylander 0 0 0 -1 0 4 0 0 0 0 0/1 16:00 1:24 0:00
Players Stats for Nashville Predators
Player Name G A P +/- PIM S H SB GA TA FO MP PP MP PK MP
------------------------------------------------------------------------------------
Alex Pietrangelo 0 0 0 -1 0 2 0 1 0 0 0/0 21:03 3:57 1:38
Alexey Toropchenko 0 1 1 1 0 2 2 0 0 0 0/2 9:24 0:00 1:08
Brandon Montour 0 1 1 0 0 4 1 1 0 0 0/0 19:57 5:16 1:21
Dmitri Voronkov 0 2 2 0 0 3 1 0 1 0 0/1 18:57 5:00 0:00
Eetu Luostarinen 0 0 0 0 0 2 0 1 1 0 0/0 13:23 0:00 1:19
Emil Heineman 0 0 0 0 0 1 0 0 1 0 1/1 12:04 0:00 0:00
Jack Roslovic 0 0 0 0 0 3 0 0 0 0 0/0 17:39 4:21 0:00
Jean-Gabriel Pageau 0 0 0 0 0 0 2 1 0 0 7/12 13:24 0:12 1:08
John-Jason Peterka 0 0 0 -1 0 4 2 0 2 0 2/2 17:36 3:40 0:00
Jordan Spence 1 0 1 -1 0 2 3 3 0 0 0/0 20:34 4:49 0:00
Kailer Yamamoto 0 0 0 1 0 3 2 0 0 0 0/0 9:14 0:48 0:00
Kris Letang 0 1 1 1 2 0 2 3 0 2 0/0 22:51 4:04 0:52
Marco Kasper 1 0 1 0 0 5 1 0 0 0 8/16 17:45 4:26 0:00
Matthew Tkachuk 1 0 1 -1 0 7 2 0 0 0 2/3 18:44 4:20 0:00
Pius Suter 0 0 0 -1 0 4 3 2 0 1 20/28 19:59 4:16 1:19
Rasmus Ristolainen 0 0 0 0 2 1 0 1 0 1 0/0 16:10 0:34 0:49
Simon Benoit 0 0 0 1 2 0 1 3 0 0 0/0 19:22 0:00 0:14
Yegor Sharangovich 0 1 1 1 0 1 1 0 0 0 1/2 9:24 0:57 0:00
3 Stars
1 - Joshua Morrissey (ANH)
2 - Mason Marchment (ANH)
3 - Chandler Stephenson (ANH)
Power Play
Anaheim Ducks - 3 on 3 Attempt(s) - 100.00%
Nashville Predators - 1 on 6 Attempt(s) - 16.67%
Penalty Kill
Anaheim Ducks - 5 on 6 Attempt(s) - 83.33%
- Score 0 goal in Penalty Kill
Nashville Predators - 0 on 3 Attempt(s) - 0.00%
- Score 0 goal in Penalty Kill
Team Stat
Anaheim Ducks - Hits : 22 - Faceoff Wins : 26 - Blocked Shots : 7 - Penalty Minutes : 12
Nashville Predators - Hits : 23 - Faceoff Wins : 41 - Blocked Shots : 16 - Penalty Minutes : 6
Official
Referees : Wes Mccauley and Chris Lee
Linesman : Unknown
Game Notes
Chandler Stephenson has scored in a empty net!
Finance
Level 1 -- Attendance: 4760 (79.33%) -- Ticket Income $476,000
Level 2 -- Attendance: 3540 (70.80%) -- Ticket Income $212,400
Level 3 -- Attendance: 2424 (80.80%) -- Ticket Income $84,840
Level 4 -- Attendance: 3762 (75.24%) -- Ticket Income $94,050
Luxury Box -- Attendance: 790 (79.00%) -- Ticket Income $158,000
Game was played at the Bridgestone Arena.
Total Attendance: 15276 (76.38%)
Total Ticket Income: $1,025,290
Other Income: $358,852
Total Income: $1,384,142
Anaheim Ducks
5 vs 5 Forward
Center Left Wing Right Wing Time % Phy DF OF
1 John Tavares Nazem Kadri William Nylander 35 1 2 2
2 Mark Scheifele Chandler Stephenson Mason Marchment 35 1 2 2
3 J.T. Compher Alex Killorn Brayden Schenn 20 1 2 2
4 Parker Kelly Will Cuylle Luke Evangelista 10 1 1 3
5 vs 5 Defense
Defense Defense Time % Phy DF OF
1 Esa Lindell Morgan Rielly 37 1 2 2
2 Joshua Morrissey Ivan Provorov 33 1 2 2
3 Philip Broberg Brenden Dillon 30 1 2 2
4 Esa Lindell Ivan Provorov 0 1 2 2
PowerPlay Forward
Center Left Wing Right Wing Time % Phy DF OF
1 John Tavares Nazem Kadri William Nylander 50 1 0 4
2 Mark Scheifele Mason Marchment Brayden Schenn 50 1 0 4
PowerPlay Defense
Defense Defense Time % Phy DF OF
1 Joshua Morrissey Morgan Rielly 60 1 1 3
2 Ivan Provorov Philip Broberg 40 1 2 2
Penalty Kill 4 Players Forward
Center Wing Time % Phy DF OF
1 Chandler Stephenson J.T. Compher 60 1 3 1
2 Brayden Schenn Alex Killorn 40 1 3 1
Penalty Kill 4 Players Defense
Defense Defense Time % Phy DF OF
1 Esa Lindell Ivan Provorov 60 1 4 0
2 Brenden Dillon Philip Broberg 40 1 4 0
Penalty Kill - 3 Players Forward
Forward Time % Phy DF OF
1 Chandler Stephenson 55 1 4 0
2 J.T. Compher 45 1 4 0
Penalty Kill - 3 Players Defense
Defense Defense Time % Phy DF OF
1 Esa Lindell Ivan Provorov 60 1 4 0
2 Brenden Dillon Philip Broberg 40 1 4 0
4 vs 4 Forward
Center Wing Time % Phy DF OF
1 John Tavares William Nylander 50 1 1 3
2 Mark Scheifele Nazem Kadri 50 1 1 3
4 vs 4 Defense
Defense Defense Time % Phy DF OF
1 Esa Lindell Morgan Rielly 60 1 2 2
2 Brenden Dillon Ivan Provorov 40 1 2 2
Last Minutes Offensive
Center Left Wing Right Wing Defense Defense
John Tavares Nazem Kadri William Nylander Joshua Morrissey Morgan Rielly
Last Minutes Defensive
Center Left Wing Right Wing Defense Defense
Chandler Stephenson Alex Killorn J.T. Compher Ivan Provorov Esa Lindell
Goaltenders
Starting : Linus Ullmark
Backup : Alexandar Georgiev
Extra Forwards
Normal : William Nylander, John Tavares, Mark Scheifele - PP : William Nylander, Mark Scheifele - PK : Chandler Stephenson
Extra Defensemen
Normal : Esa Lindell, Ivan Provorov, Morgan Rielly - PP : Morgan Rielly - PK : Esa Lindell, Ivan Provorov
Penalty Shots
Chandler Stephenson, Mark Scheifele, Brayden Schenn, Alex Killorn, William Nylander
Scratches
None
Nashville Predators
5 vs 5 Forward
Center Left Wing Right Wing Time % Phy DF OF
1 Pius Suter Matthew Tkachuk Dmitri Voronkov 30 1 2 2
2 Marco Kasper John-Jason Peterka Jack Roslovic 30 1 2 2
3 Jean-Gabriel Pageau Emil Heineman Eetu Luostarinen 27 1 2 2
4 Yegor Sharangovich Alexey Toropchenko Kailer Yamamoto 13 1 2 2
5 vs 5 Defense
Defense Defense Time % Phy DF OF
1 Rasmus Ristolainen Simon Benoit 30 1 2 2
2 Alex Pietrangelo Jordan Spence 30 1 2 2
3 Brandon Montour Kris Letang 25 1 2 2
4 Kris Letang Simon Benoit 15 1 2 2
PowerPlay Forward
Center Left Wing Right Wing Time % Phy DF OF
1 Pius Suter Matthew Tkachuk John-Jason Peterka 50 0 2 3
2 Marco Kasper Dmitri Voronkov Jack Roslovic 50 1 2 2
PowerPlay Defense
Defense Defense Time % Phy DF OF
1 Brandon Montour Jordan Spence 50 1 2 2
2 Alex Pietrangelo Kris Letang 50 1 2 2
Penalty Kill 4 Players Forward
Center Wing Time % Phy DF OF
1 Pius Suter Eetu Luostarinen 50 1 2 2
2 Jean-Gabriel Pageau Alexey Toropchenko 50 1 2 2
Penalty Kill 4 Players Defense
Defense Defense Time % Phy DF OF
1 Simon Benoit Rasmus Ristolainen 50 1 2 2
2 Alex Pietrangelo Kris Letang 50 1 2 2
Penalty Kill - 3 Players Forward
Forward Time % Phy DF OF
1 Pius Suter 50 1 2 2
2 Jean-Gabriel Pageau 50 1 2 2
Penalty Kill - 3 Players Defense
Defense Defense Time % Phy DF OF
1 Simon Benoit Rasmus Ristolainen 50 1 2 2
2 Alex Pietrangelo Kris Letang 50 1 2 2
4 vs 4 Forward
Center Wing Time % Phy DF OF
1 Pius Suter Matthew Tkachuk 50 1 2 2
2 Jean-Gabriel Pageau John-Jason Peterka 50 1 2 2
4 vs 4 Defense
Defense Defense Time % Phy DF OF
1 Rasmus Ristolainen Simon Benoit 50 1 2 2
2 Alex Pietrangelo Kris Letang 50 1 2 2
Last Minutes Offensive
Center Left Wing Right Wing Defense Defense
Pius Suter Matthew Tkachuk John-Jason Peterka Brandon Montour Jordan Spence
Last Minutes Defensive
Center Left Wing Right Wing Defense Defense
Jean-Gabriel Pageau Pius Suter Eetu Luostarinen Simon Benoit Rasmus Ristolainen
Goaltenders
Starting : Anthony Stolarz
Backup : Thatcher Demko
Extra Forwards
Normal : Jack Roslovic, Marco Kasper, Dmitri Voronkov - PP : Marco Kasper, Kailer Yamamoto - PK : Emil Heineman
Extra Defensemen
Normal : Brandon Montour, Jordan Spence, Alex Pietrangelo - PP : Rasmus Ristolainen - PK : Brandon Montour, Jordan Spence
Penalty Shots
John-Jason Peterka, Jean-Gabriel Pageau, Pius Suter, Dmitri Voronkov, Eetu Luostarinen
Scratches
Yegor Chinakhov (Left Hand Injury), Dante Fabbro (Healthy), Parker Wotherspoon (Healthy), Cayden Primeau (Healthy), Henrik Tikkanen (Healthy)
Mads Sogaard (Healthy)
% Time on Ice - Anaheim Ducks
Lines # - Real PCT - Wanted PCT - Time Play
Normal Forward
1 - 31% - 35% - 14:56
2 - 31% - 35% - 14:37
3 - 19% - 20% - 8:59
4 - 19% - 10% - 9:04
Normal Defense
1 - 37% - 37% - 17:27
2 - 32% - 33% - 15:07
3 - 31% - 30% - 14:52
4 - 0% - 0% - 0:10
PP Forward
1 - 57% - 50% - 1:24
2 - 43% - 50% - 1:03
PP Defense
1 - 87% - 60% - 2:08
2 - 13% - 40% - 0:19
PK Forward
1 - 75% - 60% - 6:59
2 - 25% - 40% - 2:21
PK Defense
1 - 76% - 60% - 7:05
2 - 24% - 40% - 2:15
PK3 Forward
1 - 0% - 55%
2 - 0% - 45%
PK3 Defense
1 - 0% - 60%
2 - 0% - 40%
44 Forward
1 - 0% - 50%
2 - 0% - 50%
44 Defense
1 - 0% - 60%
2 - 0% - 40%
Last Minute Offensive - 0:00
Last Minute Defensive - 0:37
Total
Forward - 60:00
Defense - 60:00
|
% Time on Ice - Nashville Predators
Lines # - Real PCT - Wanted PCT - Time Play
Normal Forward
1 - 29% - 30% - 13:46
2 - 28% - 30% - 13:29
3 - 25% - 27% - 12:04
4 - 17% - 13% - 8:16
Normal Defense
1 - 31% - 30% - 14:49
2 - 32% - 30% - 15:06
3 - 27% - 25% - 13:03
4 - 10% - 15% - 4:37
PP Forward
1 - 46% - 50% - 4:20
2 - 54% - 50% - 5:00
PP Defense
1 - 56% - 50% - 5:16
2 - 44% - 50% - 4:04
PK Forward
1 - 54% - 50% - 1:19
2 - 46% - 50% - 1:08
PK Defense
1 - 33% - 50% - 0:49
2 - 67% - 50% - 1:38
PK3 Forward
1 - 0% - 50%
2 - 0% - 50%
PK3 Defense
1 - 0% - 50%
2 - 0% - 50%
44 Forward
1 - 0% - 50%
2 - 0% - 50%
44 Defense
1 - 0% - 50%
2 - 0% - 50%
Last Minute Offensive - 0:38
Last Minute Defensive - 0:00
Total
Forward - 60:00
Defense - 60:00
|
Play-by-Play
1st period
0:01 of 1st period - Pius Suter wins face-off versus Nazem Kadri in neutral zone.
0:08 of 1st period - Snap shot by Pius Suter.
0:08 of 1st period - Stopped by Linus Ullmark with a rebound.
1:55 of 1st period - Esa Lindell is hit by Jordan Spence and loses puck.
2:14 of 1st period - Wrist shot by Brayden Schenn.
2:14 of 1st period - Shot Blocked by Eetu Luostarinen.
2:38 of 1st period - Slapshot by Will Cuylle.
2:38 of 1st period - Shot Misses the Net.
2:58 of 1st period - Snap shot by Chandler Stephenson.
2:58 of 1st period - Shot Blocked by Jordan Spence.
3:00 of 1st period - Snap shot by Chandler Stephenson.
3:00 of 1st period - Shot Blocked by Pius Suter.
4:16 of 1st period - Alex Pietrangelo is hit by Mason Marchment and loses puck.
4:34 of 1st period - Icing by John Tavares.
4:35 of 1st period - John Tavares wins face-off versus Marco Kasper in Anaheim Ducks zone.
4:45 of 1st period - Kris Letang is hit by Joshua Morrissey and loses puck.
5:15 of 1st period - Eetu Luostarinen is hit by Chandler Stephenson and loses puck.
5:26 of 1st period - Snap shot by Will Cuylle.
5:26 of 1st period - Stopped by Anthony Stolarz without a rebound.
5:27 of 1st period - Pius Suter wins face-off versus Parker Kelly in Nashville Predators zone.
5:34 of 1st period - Wrist shot by Matthew Tkachuk.
5:34 of 1st period - Stopped by Linus Ullmark with a rebound.
5:40 of 1st period - Snap shot by Pius Suter.
5:40 of 1st period - Stopped by Linus Ullmark with a rebound.
5:42 of 1st period - Slapshot by Rasmus Ristolainen.
5:42 of 1st period - Stopped by Linus Ullmark with a rebound.
6:20 of 1st period - Wrist shot by Kailer Yamamoto.
6:20 of 1st period - Shot Misses the Net.
6:52 of 1st period - Minor Penalty to Kris Letang for Tripping.
6:53 of 1st period - John Tavares wins face-off versus Pius Suter in Nashville Predators zone.
6:58 of 1st period - Wrist shot by Nazem Kadri.
6:58 of 1st period - Stopped by Anthony Stolarz without a rebound.
6:59 of 1st period - Pius Suter wins face-off versus John Tavares in Nashville Predators zone.
7:05 of 1st period - Icing by Nazem Kadri.
7:06 of 1st period - John Tavares wins face-off versus Jean-Gabriel Pageau in Anaheim Ducks zone.
7:15 of 1st period - Snap shot by William Nylander.
7:15 of 1st period - Shot Misses the Net.
7:19 of 1st period - Wrist shot by Nazem Kadri.
7:19 of 1st period - Deflect By William Nylander.
7:19 of 1st period - Stopped by Anthony Stolarz without a rebound.
7:20 of 1st period - Pius Suter wins face-off versus Mark Scheifele in Nashville Predators zone.
7:24 of 1st period - Off-side.
7:25 of 1st period - Mark Scheifele wins face-off versus Pius Suter in neutral zone.
7:34 of 1st period - Slapshot by Mark Scheifele.
7:34 of 1st period - Shot Blocked by Pius Suter.
7:52 of 1st period - Snap shot by John Tavares.
7:52 of 1st period - Goal by John Tavares - Anaheim Ducks : 1 - Nashville Predators : 0.
7:53 of 1st period - Pius Suter wins face-off versus John Tavares in neutral zone.
7:56 of 1st period - Snap shot by Pius Suter.
7:56 of 1st period - Deflect By Dmitri Voronkov.
7:56 of 1st period - Shot Blocked by Morgan Rielly.
7:56 of 1st period - Puck is out of play.
7:57 of 1st period - John Tavares wins face-off versus Pius Suter in Anaheim Ducks zone.
8:04 of 1st period - Slapshot by William Nylander.
8:04 of 1st period - Stopped by Anthony Stolarz with a rebound.
8:23 of 1st period - Simon Benoit is hit by Mark Scheifele and loses puck.
8:28 of 1st period - Wrist shot by Mark Scheifele.
8:28 of 1st period - Shot Misses the Net.
8:30 of 1st period - Snap shot by Morgan Rielly.
8:30 of 1st period - Shot Misses the Net.
8:34 of 1st period - Slapshot by Mark Scheifele.
8:34 of 1st period - Shot Blocked by Simon Benoit.
9:04 of 1st period - Jordan Spence is hit by Ivan Provorov and loses puck.
9:43 of 1st period - Kris Letang is hit by Nazem Kadri and loses puck.
10:15 of 1st period - Wrist shot by Brayden Schenn.
10:15 of 1st period - Shot Blocked by Simon Benoit.
10:17 of 1st period - Slapshot by Brenden Dillon.
10:17 of 1st period - Stopped by Anthony Stolarz with a rebound.
10:24 of 1st period - Icing by Simon Benoit.
10:25 of 1st period - Jean-Gabriel Pageau wins face-off versus Mark Scheifele in Nashville Predators zone.
10:25 of 1st period - Jean-Gabriel Pageau is hit by Mason Marchment.
10:31 of 1st period - Ivan Provorov is hit by Jean-Gabriel Pageau and loses puck.
11:12 of 1st period - Alex Killorn is hit by Kris Letang and loses puck.
11:23 of 1st period - Snap shot by Kailer Yamamoto.
11:23 of 1st period - Stopped by Linus Ullmark with a rebound.
11:25 of 1st period - Slapshot by Yegor Sharangovich.
11:25 of 1st period - Stopped by Linus Ullmark with a rebound.
11:37 of 1st period - Slapshot by John-Jason Peterka.
11:37 of 1st period - Stopped by Linus Ullmark without a rebound.
11:38 of 1st period - Mark Scheifele wins face-off versus Marco Kasper in Anaheim Ducks zone.
13:03 of 1st period - Wrist shot by Luke Evangelista.
13:03 of 1st period - Stopped by Anthony Stolarz with a rebound.
13:34 of 1st period - Snap shot by Kailer Yamamoto.
13:34 of 1st period - Stopped by Linus Ullmark without a rebound.
13:35 of 1st period - Pius Suter wins face-off versus John Tavares in Anaheim Ducks zone.
13:39 of 1st period - Icing by Ivan Provorov.
13:40 of 1st period - Pius Suter wins face-off versus John Tavares in Anaheim Ducks zone.
13:50 of 1st period - Minor Penalty to Ivan Provorov for Tripping.
13:51 of 1st period - Pius Suter wins face-off versus Chandler Stephenson in Anaheim Ducks zone.
13:53 of 1st period - Snap shot by Matthew Tkachuk.
13:53 of 1st period - Stopped by Linus Ullmark with a rebound.
13:55 of 1st period - Snap shot by Pius Suter.
13:55 of 1st period - Stopped by Linus Ullmark with a rebound.
13:57 of 1st period - Wrist shot by Pius Suter.
13:57 of 1st period - Stopped by Linus Ullmark with a rebound.
13:59 of 1st period - Wrist shot by Pius Suter.
13:59 of 1st period - Shot Misses the Net.
14:01 of 1st period - Snap shot by John-Jason Peterka.
14:01 of 1st period - Shot Misses the Net.
14:03 of 1st period - Snap shot by Brandon Montour.
14:03 of 1st period - Deflect By J.T. Compher.
14:03 of 1st period - Stopped by Linus Ullmark with a rebound.
14:05 of 1st period - Slapshot by Brandon Montour.
14:05 of 1st period - Deflect By Matthew Tkachuk.
14:05 of 1st period - Stopped by Linus Ullmark with a rebound.
14:07 of 1st period - Slapshot by Brandon Montour.
14:07 of 1st period - Shot Misses the Net.
14:27 of 1st period - Snap shot by Marco Kasper.
14:27 of 1st period - Shot Misses the Net.
14:37 of 1st period - Alex Pietrangelo is hit by J.T. Compher and loses puck.
14:50 of 1st period - Nazem Kadri is hit by Marco Kasper and loses puck.
15:43 of 1st period - Joshua Morrissey is hit by John-Jason Peterka and loses puck.
15:50 of 1st period - Penalty to Ivan Provorov is over, Ivan Provorov is back on ice.
16:42 of 1st period - Icing by John Tavares.
16:43 of 1st period - Yegor Sharangovich wins face-off versus John Tavares in Anaheim Ducks zone.
16:44 of 1st period - Snap shot by Alexey Toropchenko.
16:44 of 1st period - Stopped by Linus Ullmark without a rebound.
16:45 of 1st period - Mark Scheifele wins face-off versus Yegor Sharangovich in Anaheim Ducks zone.
17:17 of 1st period - Alex Killorn is hit by Jordan Spence and loses puck.
18:16 of 1st period - Wrist shot by Chandler Stephenson.
18:16 of 1st period - Stopped by Anthony Stolarz without a rebound.
18:17 of 1st period - Chandler Stephenson wins face-off versus Marco Kasper in Nashville Predators zone.
18:22 of 1st period - Snap shot by Chandler Stephenson.
18:22 of 1st period - Shot Blocked by Jordan Spence.
19:20 of 1st period - Wrist shot by Marco Kasper.
19:20 of 1st period - Stopped by Linus Ullmark with a rebound.
19:22 of 1st period - Wrist shot by John-Jason Peterka.
19:22 of 1st period - Stopped by Linus Ullmark with a rebound.
19:24 of 1st period - Wrist shot by Jack Roslovic.
19:24 of 1st period - Stopped by Linus Ullmark with a rebound.
19:35 of 1st period - Off-side.
19:36 of 1st period - Parker Kelly wins face-off versus Alexey Toropchenko in neutral zone.
19:39 of 1st period - Alex Pietrangelo is hit by Will Cuylle and loses puck.
Goals for this period are 1 for Anaheim Ducks vs 0 for Nashville Predators.
Shots for this period are 8 for Anaheim Ducks vs 17 for Nashville Predators.
2nd period
0:01 of 2nd period - John Tavares wins face-off versus Pius Suter in neutral zone.
1:06 of 2nd period - Minor Penalty to Brayden Schenn for High sticking.
1:07 of 2nd period - Marco Kasper wins face-off versus Chandler Stephenson in Anaheim Ducks zone.
1:18 of 2nd period - J.T. Compher is hit by Kris Letang and loses puck.
1:39 of 2nd period - Ivan Provorov is hit by John-Jason Peterka and loses puck.
1:44 of 2nd period - Snap shot by Matthew Tkachuk.
1:44 of 2nd period - Shot Misses the Net.
2:38 of 2nd period - Ivan Provorov is hit by Pius Suter and loses puck.
3:06 of 2nd period - Penalty to Brayden Schenn is over, Brayden Schenn is back on ice.
3:26 of 2nd period - Wrist shot by Emil Heineman.
3:26 of 2nd period - Shot Misses the Net.
3:28 of 2nd period - Slapshot by Rasmus Ristolainen.
3:28 of 2nd period - Shot Misses the Net.
3:30 of 2nd period - Slapshot by Rasmus Ristolainen.
3:30 of 2nd period - Shot Misses the Net.
3:44 of 2nd period - Wrist shot by Alexey Toropchenko.
3:44 of 2nd period - Stopped by Linus Ullmark with a rebound.
3:46 of 2nd period - Backhand shot by Jordan Spence.
3:46 of 2nd period - Goal by Jordan Spence - Anaheim Ducks : 1 - Nashville Predators : 1.
3:47 of 2nd period - John-Jason Peterka wins face-off versus John Tavares in neutral zone.
3:56 of 2nd period - Backhand shot by William Nylander.
3:56 of 2nd period - Shot Misses the Net.
4:45 of 2nd period - Off-side.
4:46 of 2nd period - Pius Suter wins face-off versus John Tavares in neutral zone.
5:03 of 2nd period - Snap shot by Morgan Rielly.
5:03 of 2nd period - Deflect By William Nylander.
5:03 of 2nd period - Shot Blocked by Rasmus Ristolainen.
5:03 of 2nd period - Puck is out of play.
5:04 of 2nd period - J.T. Compher wins face-off versus Marco Kasper in Nashville Predators zone.
5:13 of 2nd period - Slapshot by J.T. Compher.
5:13 of 2nd period - Shot Misses the Net.
5:15 of 2nd period - Slapshot by Brayden Schenn.
5:15 of 2nd period - Stopped by Anthony Stolarz without a rebound.
5:16 of 2nd period - John Tavares wins face-off versus Matthew Tkachuk in Nashville Predators zone.
5:24 of 2nd period - Icing by Pius Suter.
5:25 of 2nd period - Pius Suter wins face-off versus William Nylander in Nashville Predators zone.
5:37 of 2nd period - Philip Broberg is hit by Simon Benoit and loses puck.
5:44 of 2nd period - Wrist shot by Dmitri Voronkov.
5:44 of 2nd period - Stopped by Linus Ullmark with a rebound.
5:46 of 2nd period - Wrist shot by Matthew Tkachuk.
5:46 of 2nd period - Goal by Matthew Tkachuk - Anaheim Ducks : 1 - Nashville Predators : 2.
5:47 of 2nd period - Marco Kasper wins face-off versus Mark Scheifele in neutral zone.
5:55 of 2nd period - Marco Kasper is hit by Mason Marchment and loses puck.
6:00 of 2nd period - Snap shot by Mark Scheifele.
6:00 of 2nd period - Shot Misses the Net.
7:04 of 2nd period - Jean-Gabriel Pageau is hit by Will Cuylle and loses puck.
7:42 of 2nd period - John Tavares is hit by Pius Suter.
7:58 of 2nd period - Minor Penalty to Rasmus Ristolainen for Slashing.
7:59 of 2nd period - Jean-Gabriel Pageau wins face-off versus Mark Scheifele in Nashville Predators zone.
8:13 of 2nd period - Wrist shot by Mason Marchment.
8:13 of 2nd period - Goal by Mason Marchment - Anaheim Ducks : 2 - Nashville Predators : 2.
8:14 of 2nd period - John-Jason Peterka wins face-off versus Mark Scheifele in neutral zone.
8:17 of 2nd period - Wrist shot by Jack Roslovic.
8:17 of 2nd period - Deflect By John-Jason Peterka.
8:17 of 2nd period - Stopped by Linus Ullmark with a rebound.
8:19 of 2nd period - Snap shot by Marco Kasper.
8:19 of 2nd period - Stopped by Linus Ullmark with a rebound.
8:47 of 2nd period - Snap shot by Emil Heineman.
8:47 of 2nd period - Stopped by Linus Ullmark without a rebound.
8:48 of 2nd period - John Tavares wins face-off versus Dmitri Voronkov in Anaheim Ducks zone.
9:32 of 2nd period - Minor Penalty to Simon Benoit for Cross-checking.
9:33 of 2nd period - John Tavares wins face-off versus Alexey Toropchenko in Nashville Predators zone.
10:25 of 2nd period - Icing by Ivan Provorov.
10:26 of 2nd period - Jean-Gabriel Pageau wins face-off versus John Tavares in Anaheim Ducks zone.
10:32 of 2nd period - Off-side.
10:33 of 2nd period - Pius Suter wins face-off versus John Tavares in neutral zone.
10:44 of 2nd period - Slapshot by Joshua Morrissey.
10:44 of 2nd period - Goal by Joshua Morrissey - Anaheim Ducks : 3 - Nashville Predators : 2.
10:45 of 2nd period - Jean-Gabriel Pageau wins face-off versus Mark Scheifele in neutral zone.
10:48 of 2nd period - Mark Scheifele is hit by Jordan Spence and loses puck.
11:46 of 2nd period - Slapshot by Matthew Tkachuk.
11:46 of 2nd period - Stopped by Linus Ullmark without a rebound.
11:47 of 2nd period - Mark Scheifele wins face-off versus Marco Kasper in Anaheim Ducks zone.
12:57 of 2nd period - Minor Penalty to Alex Killorn for Roughing.
12:58 of 2nd period - Marco Kasper wins face-off versus Chandler Stephenson in Anaheim Ducks zone.
13:07 of 2nd period - Snap shot by Marco Kasper.
13:07 of 2nd period - Stopped by Linus Ullmark without a rebound.
13:08 of 2nd period - Chandler Stephenson wins face-off versus Marco Kasper in Anaheim Ducks zone.
13:36 of 2nd period - Slapshot by Brandon Montour.
13:36 of 2nd period - Stopped by Linus Ullmark with a rebound.
13:38 of 2nd period - Slapshot by Jordan Spence.
13:38 of 2nd period - Stopped by Linus Ullmark with a rebound.
13:40 of 2nd period - Snap shot by Jack Roslovic.
13:40 of 2nd period - Shot Blocked by Ivan Provorov.
13:42 of 2nd period - Wrist shot by Marco Kasper.
13:42 of 2nd period - Shot Blocked by Ivan Provorov.
13:48 of 2nd period - Slapshot by Jack Roslovic.
13:48 of 2nd period - Stopped by Linus Ullmark with a rebound.
13:50 of 2nd period - Slapshot by Dmitri Voronkov.
13:50 of 2nd period - Shot Blocked by J.T. Compher.
14:09 of 2nd period - Slapshot by Brandon Montour.
14:09 of 2nd period - Stopped by Linus Ullmark with a rebound.
14:11 of 2nd period - Snap shot by Marco Kasper.
14:11 of 2nd period - Goal by Marco Kasper - Anaheim Ducks : 3 - Nashville Predators : 3.
14:12 of 2nd period - Mark Scheifele wins face-off versus Jean-Gabriel Pageau in neutral zone.
14:21 of 2nd period - Eetu Luostarinen is hit by Mason Marchment and loses puck.
14:38 of 2nd period - Brenden Dillon is hit by Alexey Toropchenko and loses puck.
15:09 of 2nd period - Snap shot by Will Cuylle.
15:09 of 2nd period - Stopped by Anthony Stolarz without a rebound.
15:10 of 2nd period - Marco Kasper wins face-off versus Mark Scheifele in Nashville Predators zone.
15:10 of 2nd period - Marco Kasper is hit by Mason Marchment.
15:19 of 2nd period - Wrist shot by John-Jason Peterka.
15:19 of 2nd period - Stopped by Linus Ullmark without a rebound.
15:20 of 2nd period - Marco Kasper wins face-off versus Mark Scheifele in Anaheim Ducks zone.
16:21 of 2nd period - Slapshot by Marco Kasper.
16:21 of 2nd period - Shot Misses the Net.
16:23 of 2nd period - Snap shot by Jack Roslovic.
16:23 of 2nd period - Stopped by Linus Ullmark with a rebound.
16:25 of 2nd period - Wrist shot by John-Jason Peterka.
16:25 of 2nd period - Shot Misses the Net.
16:38 of 2nd period - Minor Penalty to Ivan Provorov for Tripping.
16:39 of 2nd period - Pius Suter wins face-off versus J.T. Compher in Anaheim Ducks zone.
16:55 of 2nd period - Brenden Dillon is hit by Matthew Tkachuk and loses puck.
18:34 of 2nd period - Philip Broberg is hit by Yegor Sharangovich and loses puck.
18:38 of 2nd period - Penalty to Ivan Provorov is over, Ivan Provorov is back on ice.
18:52 of 2nd period - Joshua Morrissey is hit by Jean-Gabriel Pageau and loses puck.
19:43 of 2nd period - Wrist shot by John Tavares.
19:43 of 2nd period - Stopped by Anthony Stolarz without a rebound.
19:44 of 2nd period - Parker Kelly wins face-off versus Pius Suter in Nashville Predators zone.
19:47 of 2nd period - Snap shot by Will Cuylle.
19:47 of 2nd period - Shot Blocked by Alex Pietrangelo.
19:49 of 2nd period - Snap shot by Ivan Provorov.
19:49 of 2nd period - Deflect By Luke Evangelista.
19:49 of 2nd period - Goal by Luke Evangelista - Anaheim Ducks : 4 - Nashville Predators : 3.
19:50 of 2nd period - Pius Suter wins face-off versus Nazem Kadri in neutral zone.
Goals for this period are 3 for Anaheim Ducks vs 3 for Nashville Predators.
Shots for this period are 6 for Anaheim Ducks vs 16 for Nashville Predators.
3rd period
0:01 of 3rd period - Pius Suter wins face-off versus John Tavares in neutral zone.
0:22 of 3rd period - Morgan Rielly is hit by Pius Suter and loses puck.
0:41 of 3rd period - Wrist shot by Chandler Stephenson.
0:41 of 3rd period - Stopped by Anthony Stolarz without a rebound.
0:42 of 3rd period - Mark Scheifele wins face-off versus Marco Kasper in Nashville Predators zone.
0:45 of 3rd period - Snap shot by Chandler Stephenson.
0:45 of 3rd period - Shot Misses the Net.
0:53 of 3rd period - Snap shot by Joshua Morrissey.
0:53 of 3rd period - Shot Blocked by Kris Letang.
1:07 of 3rd period - Pius Suter is hit by Nazem Kadri and loses puck.
1:11 of 3rd period - Icing by Brandon Montour.
1:12 of 3rd period - Pius Suter wins face-off versus Nazem Kadri in Nashville Predators zone.
1:19 of 3rd period - Slapshot by Jordan Spence.
1:19 of 3rd period - Shot Misses the Net.
1:25 of 3rd period - Snap shot by Dmitri Voronkov.
1:25 of 3rd period - Stopped by Linus Ullmark with a rebound.
1:27 of 3rd period - Slapshot by Alex Pietrangelo.
1:27 of 3rd period - Deflect By Nazem Kadri.
1:27 of 3rd period - Stopped by Linus Ullmark with a rebound.
1:29 of 3rd period - Wrist shot by Pius Suter.
1:29 of 3rd period - Shot Blocked by Brenden Dillon.
1:31 of 3rd period - Slapshot by Alex Pietrangelo.
1:31 of 3rd period - Stopped by Linus Ullmark with a rebound.
2:06 of 3rd period - Off-side.
2:07 of 3rd period - Jean-Gabriel Pageau wins face-off versus Mark Scheifele in neutral zone.
2:09 of 3rd period - Off-side.
2:10 of 3rd period - Mark Scheifele wins face-off versus Jean-Gabriel Pageau in neutral zone.
2:15 of 3rd period - Snap shot by Esa Lindell.
2:15 of 3rd period - Stopped by Anthony Stolarz without a rebound.
2:16 of 3rd period - Mark Scheifele wins face-off versus Jean-Gabriel Pageau in Nashville Predators zone.
2:37 of 3rd period - Snap shot by Jean-Gabriel Pageau.
2:37 of 3rd period - Shot Misses the Net.
2:39 of 3rd period - Slapshot by Jean-Gabriel Pageau.
2:39 of 3rd period - Shot Misses the Net.
3:01 of 3rd period - Wrist shot by Eetu Luostarinen.
3:01 of 3rd period - Stopped by Linus Ullmark without a rebound.
3:02 of 3rd period - John Tavares wins face-off versus Marco Kasper in Anaheim Ducks zone.
3:04 of 3rd period - Minor Penalty to Nazem Kadri for Hooking.
3:05 of 3rd period - Chandler Stephenson wins face-off versus Pius Suter in Anaheim Ducks zone.
4:02 of 3rd period - Jordan Spence is hit by Brayden Schenn and loses puck.
4:34 of 3rd period - Alex Pietrangelo is hit by Brayden Schenn and loses puck.
4:47 of 3rd period - Dmitri Voronkov is hit by Chandler Stephenson and loses puck.
5:00 of 3rd period - Jordan Spence is hit by Brayden Schenn and loses puck.
5:04 of 3rd period - Penalty to Nazem Kadri is over, Nazem Kadri is back on ice.
5:07 of 3rd period - Snap shot by Nazem Kadri.
5:07 of 3rd period - Deflect By Brayden Schenn.
5:07 of 3rd period - Shot Hit the Post.
5:07 of 3rd period - Puck is out of play.
5:08 of 3rd period - John Tavares wins face-off versus Jean-Gabriel Pageau in Nashville Predators zone.
5:40 of 3rd period - Slapshot by Yegor Sharangovich.
5:40 of 3rd period - Shot Misses the Net.
6:18 of 3rd period - Wrist shot by Dmitri Voronkov.
6:18 of 3rd period - Stopped by Linus Ullmark without a rebound.
6:19 of 3rd period - Pius Suter wins face-off versus J.T. Compher in Anaheim Ducks zone.
6:20 of 3rd period - Snap shot by Matthew Tkachuk.
6:20 of 3rd period - Stopped by Linus Ullmark with a rebound.
6:34 of 3rd period - Wrist shot by Brayden Schenn.
6:34 of 3rd period - Stopped by Anthony Stolarz without a rebound.
6:35 of 3rd period - Marco Kasper wins face-off versus John Tavares in Nashville Predators zone.
6:41 of 3rd period - Off-side.
6:42 of 3rd period - Marco Kasper wins face-off versus John Tavares in neutral zone.
6:57 of 3rd period - Snap shot by Marco Kasper.
6:57 of 3rd period - Stopped by Linus Ullmark with a rebound.
7:05 of 3rd period - Snap shot by Nazem Kadri.
7:05 of 3rd period - Shot Misses the Net.
7:09 of 3rd period - Wrist shot by Nazem Kadri.
7:09 of 3rd period - Stopped by Anthony Stolarz without a rebound.
7:10 of 3rd period - Mark Scheifele wins face-off versus Pius Suter in Nashville Predators zone.
7:56 of 3rd period - Snap shot by John Tavares.
7:56 of 3rd period - Shot Blocked by Kris Letang.
8:18 of 3rd period - Snap shot by Kailer Yamamoto.
8:18 of 3rd period - Stopped by Linus Ullmark without a rebound.
8:19 of 3rd period - Pius Suter wins face-off versus Parker Kelly in Anaheim Ducks zone.
8:32 of 3rd period - Wrist shot by Pius Suter.
8:32 of 3rd period - Shot Blocked by Philip Broberg.
8:56 of 3rd period - Snap shot by Luke Evangelista.
8:56 of 3rd period - Shot Misses the Net.
9:27 of 3rd period - Wrist shot by Luke Evangelista.
9:27 of 3rd period - Deflect By Marco Kasper.
9:27 of 3rd period - Shot Misses the Net.
9:27 of 3rd period - Puck is out of play.
9:28 of 3rd period - Pius Suter wins face-off versus John Tavares in Nashville Predators zone.
9:33 of 3rd period - Wrist shot by John Tavares.
9:33 of 3rd period - Stopped by Anthony Stolarz with a rebound.
9:35 of 3rd period - Snap shot by William Nylander.
9:35 of 3rd period - Stopped by Anthony Stolarz without a rebound.
9:36 of 3rd period - Matthew Tkachuk wins face-off versus John Tavares in Nashville Predators zone.
9:43 of 3rd period - Wrist shot by John Tavares.
9:43 of 3rd period - Shot Misses the Net.
9:45 of 3rd period - Slapshot by Esa Lindell.
9:45 of 3rd period - Shot Blocked by Simon Benoit.
9:47 of 3rd period - Slapshot by Nazem Kadri.
9:47 of 3rd period - Deflect By William Nylander.
9:47 of 3rd period - Shot Misses the Net.
9:47 of 3rd period - Puck is out of play.
9:48 of 3rd period - Pius Suter wins face-off versus John Tavares in Nashville Predators zone.
9:48 of 3rd period - Pius Suter is hit by Nazem Kadri.
10:55 of 3rd period - Luke Evangelista is hit by Alexey Toropchenko and loses puck.
11:04 of 3rd period - Slapshot by Alexey Toropchenko.
11:04 of 3rd period - Shot Blocked by Joshua Morrissey.
11:14 of 3rd period - Pius Suter is hit by Nazem Kadri and loses puck.
11:19 of 3rd period - Snap shot by John Tavares.
11:19 of 3rd period - Shot Misses the Net.
11:21 of 3rd period - Snap shot by John Tavares.
11:21 of 3rd period - Shot Blocked by Jordan Spence.
11:23 of 3rd period - Snap shot by Nazem Kadri.
11:23 of 3rd period - Stopped by Anthony Stolarz with a rebound.
11:25 of 3rd period - Snap shot by John Tavares.
11:25 of 3rd period - Shot Misses the Net.
11:27 of 3rd period - Wrist shot by John Tavares.
11:27 of 3rd period - Shot Misses the Net.
11:43 of 3rd period - Wrist shot by Brayden Schenn.
11:43 of 3rd period - Stopped by Anthony Stolarz with a rebound.
11:45 of 3rd period - Snap shot by Philip Broberg.
11:45 of 3rd period - Shot Misses the Net.
11:59 of 3rd period - Eetu Luostarinen is hit by Brenden Dillon and loses puck.
12:04 of 3rd period - Slapshot by Mark Scheifele.
12:04 of 3rd period - Stopped by Anthony Stolarz with a rebound.
13:04 of 3rd period - Alex Killorn is hit by Brandon Montour and loses puck.
13:50 of 3rd period - Snap shot by J.T. Compher.
13:50 of 3rd period - Shot Blocked by Brandon Montour.
13:52 of 3rd period - Slapshot by Alex Killorn.
13:52 of 3rd period - Shot Blocked by Kris Letang.
13:54 of 3rd period - Slapshot by Brenden Dillon.
13:54 of 3rd period - Stopped by Anthony Stolarz with a rebound.
13:56 of 3rd period - Snap shot by Alex Killorn.
13:56 of 3rd period - Stopped by Anthony Stolarz without a rebound.
13:57 of 3rd period - Marco Kasper wins face-off versus Mark Scheifele in Nashville Predators zone.
14:30 of 3rd period - Snap shot by William Nylander.
14:30 of 3rd period - Stopped by Anthony Stolarz with a rebound.
14:32 of 3rd period - Snap shot by John Tavares.
14:32 of 3rd period - Stopped by Anthony Stolarz without a rebound.
14:33 of 3rd period - Mark Scheifele wins face-off versus Pius Suter in Nashville Predators zone.
14:44 of 3rd period - Mark Scheifele is hit by Dmitri Voronkov and loses puck.
15:51 of 3rd period - Parker Kelly is hit by Kailer Yamamoto and loses puck.
16:02 of 3rd period - Snap shot by Matthew Tkachuk.
16:02 of 3rd period - Shot Misses the Net.
17:23 of 3rd period - William Nylander is hit by Kailer Yamamoto and loses puck.
18:10 of 3rd period - Slapshot by Brandon Montour.
18:10 of 3rd period - Stopped by Linus Ullmark without a rebound.
18:11 of 3rd period - Matthew Tkachuk wins face-off versus J.T. Compher in Anaheim Ducks zone.
18:20 of 3rd period - Slapshot by Brayden Schenn.
18:20 of 3rd period - Shot Hit the Post.
18:22 of 3rd period - Slapshot by Ivan Provorov.
18:22 of 3rd period - Stopped by Anthony Stolarz without a rebound.
18:23 of 3rd period - Emil Heineman wins face-off versus J.T. Compher in Nashville Predators zone.
18:32 of 3rd period - Snap shot by Brayden Schenn.
18:32 of 3rd period - Shot Blocked by Jean-Gabriel Pageau.
18:48 of 3rd period - Morgan Rielly is hit by Matthew Tkachuk and loses puck.
18:51 of 3rd period - Nashville Predators, Anthony Stolarz is pulled from the net.
19:23 of 3rd period - Wrist shot by Matthew Tkachuk.
19:23 of 3rd period - Stopped by Linus Ullmark with a rebound.
19:29 of 3rd period - Pius Suter is hit by Chandler Stephenson and loses puck.
19:40 of 3rd period - Wrist shot by Chandler Stephenson.
19:40 of 3rd period - Goal by Chandler Stephenson - Anaheim Ducks : 5 - Nashville Predators : 3.
19:40 of 3rd period - Anthony Stolarz from Nashville Predators was sent back in the game.
19:41 of 3rd period - Jean-Gabriel Pageau wins face-off versus Mark Scheifele in neutral zone.
19:44 of 3rd period - Wrist shot by Eetu Luostarinen.
19:44 of 3rd period - Stopped by Linus Ullmark without a rebound.
19:45 of 3rd period - Jean-Gabriel Pageau wins face-off versus J.T. Compher in Anaheim Ducks zone.
19:49 of 3rd period - Minor Penalty to Brayden Schenn for Hooking.
19:50 of 3rd period - Pius Suter wins face-off versus Chandler Stephenson in Anaheim Ducks zone.
Goals for this period are 1 for Anaheim Ducks vs 0 for Nashville Predators.
Shots for this period are 15 for Anaheim Ducks vs 11 for Nashville Predators.
Back to the Top